MWL (24 & UNDER)
BARRY'S BAY ORIOLES @ MANHATTEN MEATHEADS
09/03/2023
 
TOP OF THE 1ST
Barry's Bay Orioles batting - Pitching for Manhatten Meatheads : LHP Kelly Henry
Pitching: LHP Kelly Henry
Batting: RHB Pedro Molina 0-0: Swinging Strike
0-1: Called Strike
0-2: Strikes out swinging
Batting: RHB Juan Velásquez 0-0: Called Strike
0-1: Foul Ball, location: 2F
0-2: Foul Ball, location: 2F
0-2: Ball
1-2: Ball
2-2: Strikes out swinging
Batting: LHB Joaquín González 0-0: Foul Ball, location: 2F
0-1: Ground out 4-3 (Groundball, 4)
Top of the 1st over - 0 run(s), 0 hit(s), 0 error(s), 0 left on base; Barry's Bay 0 - Manhatten 0
BOTTOM OF THE 1ST
Manhatten Meatheads batting - Pitching for Barry's Bay Orioles : RHP Manny Silva
Pitching: RHP Manny Silva
Batting: RHB Mark McDonald 0-0: Ground out 4-3 (Groundball, 4)
Batting: RHB Kyle O'Day 0-0: SINGLE (Line Drive, 9S)
Batting: LHB Pat Zimmerman 0-0: 2-RUN HOME RUN (Flyball, 89XD), Distance : 366 ft
Batting: LHB Dave Watt 0-0: Called Strike
0-1: Ball
1-1: Ball
2-1: SINGLE (Line Drive, 89S)
Batting: RHB Ben Morton 0-0: DOUBLE (Groundball, 5L)
Dave Watt to third
Batting: LHB Ed Murray 0-0: Ball
1-0: Called Strike
1-1: Ball
2-1: SINGLE (Groundball, 4MD)
Dave Watt scores
Ben Morton to third
Runner from 3rd tries for Home, SAFE, throw made home
Ed Murray to second
Batting: RHB Juan Reyes 0-0: Foul Ball, location: 2F
0-1: Ball
1-1: Foul Ball, location: 2F
1-2: Ball
2-2: Ball
3-2: Foul Ball, location: 2F
3-2: Strikes out looking
Batting: SHB Vitaliano Capuana 0-0: Ball
1-0: Ball
2-0: Ball
3-0: Called Strike
3-1: Called Strike
3-2: DOUBLE (Line Drive, 7LS)
Ed Murray scores
Batting: SHB Kent Phillips 0-0: Called Strike
0-1: Ball
1-1: Foul Ball, location: 2F
1-2: Strikes out swinging
Bottom of the 1st over - 5 run(s), 6 hit(s), 0 error(s), 1 left on base; Barry's Bay 0 - Manhatten 5
TOP OF THE 2ND
Barry's Bay Orioles batting - Pitching for Manhatten Meatheads : LHP Kelly Henry
Batting: RHB Enrico Ramos 0-0: Foul Ball, location: 2F
0-1: Called Strike
0-2: Strikes out looking
Batting: RHB Jeff Stevenson 0-0: Ball
1-0: Ball
2-0: Ball
3-0: Called Strike
3-1: Foul Ball, location: 2F
3-2: Base on Balls
Batting: LHB Juan Romero 0-0: Called Strike
0-1: Foul Ball, location: 2F
0-2: Strikes out swinging
Batting: RHB Vincent Braun 0-0: Ball
1-0: Called Strike
1-1: Fielders Choice at 2nd, U4 (Groundball, 4M)
Top of the 2nd over - 0 run(s), 0 hit(s), 0 error(s), 1 left on base; Barry's Bay 0 - Manhatten 5
BOTTOM OF THE 2ND
Manhatten Meatheads batting - Pitching for Barry's Bay Orioles : RHP Manny Silva
Batting: RHB Mark McDonald 0-0: Ball
1-0: SINGLE (Groundball, 34D)
Batting: RHB Kyle O'Day 0-0: Called Strike
0-1: Ball
1-1: Ball
2-1: SINGLE (Groundball, 34S)
Mark McDonald to second
Runner from 2nd tries for 3rd, SAFE, no throw or cutoff
Batting: LHB Pat Zimmerman 0-0: Ball
Throwing error on steal attempt, E2
Mark McDonald scores
Kyle O'Day to third
1-0: Ball
2-0: Foul Ball, location: 2F
2-1: SINGLE (Groundball, 34D)
Kyle O'Day scores
Batting: LHB Dave Watt 0-0: Grounds into double play, 6-4-3 (Groundball, 6)
Batting: RHB Ben Morton 0-0: Swinging Strike
0-1: Swinging Strike
0-2: Strikes out swinging
Bottom of the 2nd over - 2 run(s), 3 hit(s), 1 error(s), 0 left on base; Barry's Bay 0 - Manhatten 7
TOP OF THE 3RD
Barry's Bay Orioles batting - Pitching for Manhatten Meatheads : LHP Kelly Henry
Batting: RHB Tom Hughes 0-0: Ball
1-0: Ball
2-0: Called Strike
2-1: Fly out, F7 (Flyball, 7M)
Batting: LHB Carlos Barrios 0-0: Ball
1-0: Foul Ball, location: 2F
1-1: Called Strike
1-2: Foul Ball, location: 2F
1-2: Strikes out swinging
Batting: RHB Pedro Molina 0-0: Called Strike
0-1: Ball
1-1: Foul Ball, location: 2F
1-2: Ball
2-2: Fly out, F7 (Flyball, 7D)
Top of the 3rd over - 0 run(s), 0 hit(s), 0 error(s), 0 left on base; Barry's Bay 0 - Manhatten 7
BOTTOM OF THE 3RD
Manhatten Meatheads batting - Pitching for Barry's Bay Orioles : RHP Manny Silva
Batting: LHB Ed Murray 0-0: Fly out, F8 (Flyball, 8RM)
Batting: RHB Juan Reyes 0-0: Ball
1-0: Ball
2-0: SINGLE (Groundball, 3L)
Batting: SHB Vitaliano Capuana 0-0: Ball
1-0: SINGLE (Line Drive, 34D)
Juan Reyes to second
Batting: SHB Kent Phillips 0-0: Ball
1-0: Foul Ball, location: 2F
1-1: Ball
2-1: Ball
3-1: Base on Balls
Juan Reyes to third
Vitaliano Capuana to second
Batting: RHB Mark McDonald 0-0: Foul Ball, location: 2F
0-1: Ball
1-1: Ball
2-1: Foul Ball, location: 2F
2-2: Strikes out swinging
Batting: RHB Kyle O'Day 0-0: Fly out, F8 (Flyball, 8LM)
Bottom of the 3rd over - 0 run(s), 2 hit(s), 0 error(s), 3 left on base; Barry's Bay 0 - Manhatten 7
TOP OF THE 4TH
Barry's Bay Orioles batting - Pitching for Manhatten Meatheads : LHP Kelly Henry
Batting: RHB Juan Velásquez 0-0: Swinging Strike
0-1: Called Strike
0-2: Ball
1-2: SINGLE (Line Drive, 7S)
Batting: LHB Joaquín González 0-0: Ball
1-0: Ball
2-0: Fly out, F8 (Line Drive, 8LM)
Batting: RHB Enrico Ramos 0-0: Called Strike
0-1: Called Strike
0-2: Grounds into double play, 1-6-3 (Groundball, 13S)
Top of the 4th over - 0 run(s), 1 hit(s), 0 error(s), 0 left on base; Barry's Bay 0 - Manhatten 7
BOTTOM OF THE 4TH
Manhatten Meatheads batting - Pitching for Barry's Bay Orioles : RHP Manny Silva
Batting: LHB Pat Zimmerman 0-0: Called Strike
0-1: SINGLE (Line Drive, 89S)
Batting: LHB Dave Watt 0-0: Called Strike
0-1: Ball
1-1: Swinging Strike
1-2: Strikes out swinging
Batting: RHB Ben Morton 0-0: Called Strike
Pat Zimmerman steals 2nd base
0-1: Ball
1-1: Hit by Pitch
Batting: LHB Ed Murray 0-0: Ball
1-0: Fly out, F6 (Popup, 6D)
Batting: RHB Juan Reyes 0-0: Called Strike
0-1: Foul Ball, location: 2F
0-2: Foul Ball, location: 2F
0-2: Ball
1-2: Strikes out looking
Bottom of the 4th over - 0 run(s), 1 hit(s), 0 error(s), 2 left on base; Barry's Bay 0 - Manhatten 7
TOP OF THE 5TH
Barry's Bay Orioles batting - Pitching for Manhatten Meatheads : LHP Kelly Henry
Batting: RHB Jeff Stevenson 0-0: Called Strike
0-1: Foul Ball, location: 2F
0-2: Foul Ball, location: 2F
0-2: Ball
1-2: Ball
2-2: Ball
3-2: Strikes out swinging
Batting: LHB Juan Romero 0-0: Foul Ball, location: 2F
0-1: Called Strike
0-2: Strikes out swinging
Batting: RHB Vincent Braun 0-0: Ground out 5-3 (Groundball, 5)
Top of the 5th over - 0 run(s), 0 hit(s), 0 error(s), 0 left on base; Barry's Bay 0 - Manhatten 7
BOTTOM OF THE 5TH
Manhatten Meatheads batting - Pitching for Barry's Bay Orioles : RHP Manny Silva
Batting: SHB Vitaliano Capuana 0-0: Bunt for hit - play at first, batter OUT! 1-3
Batting: SHB Kent Phillips 0-0: Ball
1-0: Swinging Strike
1-1: Foul Ball, location: 2F
1-2: Strikes out swinging
Batting: RHB Mark McDonald 0-0: Ball
1-0: Called Strike
1-1: Foul Ball, location: 2F
1-2: Foul Ball, location: 2F
1-2: Strikes out swinging
Bottom of the 5th over - 0 run(s), 0 hit(s), 0 error(s), 0 left on base; Barry's Bay 0 - Manhatten 7
TOP OF THE 6TH
Barry's Bay Orioles batting - Pitching for Manhatten Meatheads : LHP Kelly Henry
Batting: RHB Tom Hughes 0-0: Ball
1-0: Ball
2-0: Ball
3-0: Base on Balls
Batting: LHB Carlos Barrios 0-0: Reached on error, E6 (Groundball, 6)
Tom Hughes to second
Batting: RHB Pedro Molina 0-0: Called Strike
0-1: Called Strike
0-2: Foul Ball, location: 2F
0-2: Ball
1-2: Ball
2-2: Foul Ball, location: 2F
2-2: Ball
3-2: Strikes out swinging
Batting: RHB Juan Velásquez 0-0: Called Strike
0-1: Foul Ball, location: 2F
0-2: Ball
1-2: Foul Ball, location: 2F
1-2: Strikes out looking
Batting: LHB Joaquín González 0-0: Swinging Strike
0-1: Ball
1-1: Foul Ball, location: 2F
1-2: Strikes out looking
Top of the 6th over - 0 run(s), 0 hit(s), 1 error(s), 2 left on base; Barry's Bay 0 - Manhatten 7
BOTTOM OF THE 6TH
Manhatten Meatheads batting - Pitching for Barry's Bay Orioles : RHP Manny Silva
Pitching: RHP Rob Young
Batting: RHB Kyle O'Day 0-0: Foul Ball, location: 2F
0-1: Ball
1-1: Foul Ball, location: 2F
1-2: Ball
2-2: TRIPLE (Line Drive, 9LM)
Batting: LHB Pat Zimmerman 0-0: DOUBLE (Line Drive, 7LD)
Kyle O'Day scores
Batting: LHB Dave Watt 0-0: Called Strike
0-1: Ball
1-1: Hit by Pitch
Batting: RHB Ben Morton 0-0: Ball
1-0: Foul Ball, location: 2F
1-1: Ball
2-1: Ball
3-1: Foul Ball, location: 2F
3-2: Foul Ball, location: 2F
3-2: SINGLE (Line Drive, 6MD)
Pat Zimmerman to third
Dave Watt to second
Pat Zimmerman scores
Dave Watt to third
Batting: LHB Ed Murray 0-0: Ball
1-0: Called Strike
1-1: Called Strike
1-2: Ball
2-2: Fielders Choice at 2nd, 4-6 (Groundball, 4)
Dave Watt scores
Batting: RHB Juan Reyes 0-0: Ground out 4-3 (Groundball, 4M)
Ed Murray to second
Batting: SHB Vitaliano Capuana 0-0: Called Strike
0-1: Ball
1-1: Swinging Strike
1-2: Ball
2-2: Strikes out looking
Bottom of the 6th over - 3 run(s), 3 hit(s), 0 error(s), 1 left on base; Barry's Bay 0 - Manhatten 10
TOP OF THE 7TH
Barry's Bay Orioles batting - Pitching for Manhatten Meatheads : LHP Kelly Henry
Batting: RHB Enrico Ramos 0-0: Foul Ball, location: 2F
0-1: Ball
1-1: Foul Ball, location: 2F
1-2: Strikes out swinging
Pitching: RHP Doug Cole
Batting: RHB Jeff Stevenson 0-0: Ball
1-0: Ground out 1-3 (Groundball, 13)
Batting: LHB Juan Romero 0-0: Ground out 4-3 (Groundball, 4)
Top of the 7th over - 0 run(s), 0 hit(s), 0 error(s), 0 left on base; Barry's Bay 0 - Manhatten 10
BOTTOM OF THE 7TH
Manhatten Meatheads batting - Pitching for Barry's Bay Orioles : RHP Rob Young
Batting: SHB Kent Phillips 0-0: Swinging Strike
0-1: Ball
1-1: Called Strike
1-2: Ball
2-2: Strikes out swinging
Batting: RHB Mark McDonald 0-0: Fly out, F4 (Popup, 4)
Batting: RHB Kyle O'Day 0-0: Ground out 1-3 (Groundball, 13S)
Bottom of the 7th over - 0 run(s), 0 hit(s), 0 error(s), 0 left on base; Barry's Bay 0 - Manhatten 10
TOP OF THE 8TH
Barry's Bay Orioles batting - Pitching for Manhatten Meatheads : RHP Doug Cole
Now at 3B: Ramón Ybarra
Batting: RHB Vincent Braun 0-0: Fly out, F8 (Flyball, 8RM)
Batting: RHB Tom Hughes 0-0: Called Strike
0-1: SINGLE (Groundball, 56) (infield hit)
Batting: LHB Carlos Barrios 0-0: Called Strike
0-1: Ball
1-1: Foul Ball, location: 2F
1-2: Foul Ball, location: 2F
1-2: Hit by Pitch
Tom Hughes to second
Batting: RHB Pedro Molina 0-0: Grounds into double play, 1-4-3 (Groundball, 23)
Top of the 8th over - 0 run(s), 1 hit(s), 0 error(s), 1 left on base; Barry's Bay 0 - Manhatten 10
BOTTOM OF THE 8TH
Manhatten Meatheads batting - Pitching for Barry's Bay Orioles : RHP Rob Young
Pitching: RHP Christian Wright
Batting: LHB Pat Zimmerman 0-0: Ball
1-0: Ball
2-0: Ball
3-0: Called Strike
3-1: Foul Ball, location: 2F
3-2: Base on Balls
Pinch Hitting: RHB Júlio Galló 0-0: Called Strike
0-1: Ball
1-1: Called Strike
Pat Zimmerman is caught stealing 2nd base
1-2: Foul Ball, location: 2F
1-2: Ball
2-2: Foul Ball, location: 2F
2-2: Ball
3-2: Foul Ball, location: 2F
3-2: Foul Ball, location: 2F
3-2: Base on Balls
Batting: RHB Ben Morton 0-0: Ball
1-0: Fly out, F9 (Flyball, 89M)
Batting: LHB Ed Murray 0-0: Called Strike
0-1: Fielders Choice at 2nd, U4 (Groundball, 4M)
Bottom of the 8th over - 0 run(s), 0 hit(s), 0 error(s), 1 left on base; Barry's Bay 0 - Manhatten 10
TOP OF THE 9TH
Barry's Bay Orioles batting - Pitching for Manhatten Meatheads : RHP Doug Cole
Now at SS: Júlio Galló
Batting: RHB Juan Velásquez 0-0: Ball
1-0: SINGLE (Line Drive, 3D)
Batting: LHB Joaquín González 0-0: Swinging Strike
0-1: Ball
1-1: Foul Ball, location: 2F
1-2: Ball
2-2: Ball
3-2: Foul Ball, location: 2F
3-2: Foul Ball, location: 2F
3-2: Strikes out looking
Batting: RHB Enrico Ramos 0-0: Called Strike
0-1: Ball
1-1: SINGLE (Line Drive, 6D)
Juan Velásquez to second
Batting: RHB Jeff Stevenson 0-0: Ball
1-0: Called Strike
1-1: DOUBLE (Line Drive, 7LM)
Juan Velásquez scores
Enrico Ramos to third
Batting: LHB Juan Romero 0-0: Ball
1-0: Swinging Strike
1-1: TRIPLE (Line Drive, 78M)
Enrico Ramos scores
Jeff Stevenson scores
Batting: RHB Vincent Braun 0-0: Called Strike
0-1: Ball
1-1: Fly out, F2 (Popup, 2LF)
Batting: RHB Tom Hughes 0-0: Ball
1-0: Called Strike
1-1: Ball
2-1: Ball
3-1: Ground out 5-3 (Groundball, 5)
Top of the 9th over - 3 run(s), 4 hit(s), 0 error(s), 1 left on base; Barry's Bay 3 - Manhatten 10
This league is powered by Out of the Park Baseball, the baseball management simulation game for PC, Mac and Linux
Wednesday, December 2nd, 2015 - OOTP Baseball 16.8 Build 38